 Dungeon Crawl Stone Soup version 0.28-a0-1234-g826d19b2e0 (webtiles) character file.

Game seed: 9776687307695854810

171 kipponium the Cudgeller (level 5, -3/47 HPs)
             Began as a Gnoll Cinder Acolyte on Dec 23, 2021.
             Was a High Priest of Ignis.
             Slain by a wyvern zombie (12 damage)
             ... on level 4 of the Dungeon.
             The game lasted 00:04:07 (2990 turns).

kipponium the Cudgeller (Gnoll Cinder Acolyte)      Turns: 2990, Time: 00:04:08

Health: -3/47      AC: 10    Str: 14    XL:     5   Next: 51%
Magic:  5/9        EV: 11    Int: 13    God:    Ignis [*****.]
Gold:   239        SH:  3    Dex:  9    Spells: 8/10 levels left

rFire   + + .      SeeInvis .   a - -1 mace (flame)
rCold   . . .      Faith    .   h - +0 buckler
rNeg    . . .      Spirit   .   b - +0 robe
rPois   .          Reflect  .   (no helmet)
rElec   .          Harm     .   (no cloak)
rCorr   .          Rampage  .   (no gloves)
Will    .....                   e - +0 pair of boots
Stlth   +.........              (no amulet)
HPRegen 0.15/turn               d - ring of protection from fire
MPRegen 0.11/turn               (no ring)

@: fiery-armoured
A: fangs 1, strong nose, distributed training
a: Renounce Religion, Fiery Armour, Foxfire Swarm, Rising Flame


You were on level 4 of the Dungeon.
You worshipped Ignis.
Ignis was extremely pleased with you.
You visited 1 branch of the dungeon, and saw 4 of its levels.

You collected 239 gold pieces.

Inventory:

Hand Weapons
 a - a -1 mace of flaming (weapon)
Armour
 b - a +0 robe (worn)
 e - a +0 pair of boots (worn)
 h - a +0 buckler (worn)
Jewellery
 d - a ring of protection from fire (left hand)
 o - a ring of magical power
Scrolls
 f - 2 scrolls of blinking {unknown}
 g - a scroll of acquirement {unknown}
 i - a scroll of summoning {unknown}
 j - a scroll of enchant weapon {unknown}
 p - a scroll of identify {unknown}
Potions
 c - a potion of attraction {unknown}
 k - a potion of magic {unknown}
 l - a potion of might {unknown}
 m - a potion of ambrosia {unknown}
 n - a potion of lignification {unknown}
 q - a potion of berserk rage {unknown}
 r - a potion of degeneration {unknown}


   Skills:
 + Level 6.7 Fighting
 + Level 1.5 Short Blades
 + Level 1.5 Long Blades
 + Level 1.5 Axes
 + Level 6.7 Maces & Flails
 + Level 1.5 Polearms
 + Level 1.5 Staves
 + Level 1.5 Slings
 + Level 1.5 Bows
 + Level 1.5 Crossbows
 + Level 1.5 Throwing
 + Level 1.5 Armour
 + Level 1.5 Dodging
 + Level 1.5 Stealth
 + Level 1.5 Shields
 + Level 1.5 Unarmed Combat
 + Level 3.2 Spellcasting
 + Level 1.2 Conjurations
 + Level 1.2 Hexes
 + Level 1.2 Summonings
 + Level 1.2 Necromancy
 + Level 1.2 Translocations
 + Level 1.2 Transmutations
 + Level 5.5 Fire Magic
 + Level 1.2 Ice Magic
 + Level 1.2 Air Magic
 + Level 1.2 Earth Magic
 + Level 1.2 Poison Magic
 + Level 1.7 Invocations
 + Level 1.5 Evocations


You had 8 spell levels left.
You knew the following spells:

 Your Spells              Type           Power      Damage    Failure   Level
a - Scorch                Fire           32%        2d7       4%          2

Your spell library contained the following spells:

 Spells                   Type           Power      Damage    Failure   Level


Dungeon Overview and Level Annotations

Branches:
Dungeon (4/15)             Temple (0/1) D:4

Altars:


Innate Abilities, Weirdness & Mutations

You have very sharp teeth.
Your uncanny sense of smell can sniff out nearby items.
Your experience applies equally to all skills.


Message History

Found a scale mail.
You see here a +0 scale mail.
Found a short sword.
A wyvern zombie comes into view.
You see here a +0 short sword.
You hit the wyvern zombie. You burn the wyvern zombie.
The wyvern zombie is lightly damaged.
The wyvern zombie bites you!
You hit the wyvern zombie. You burn the wyvern zombie.
You bite the wyvern zombie, but do no damage.
The wyvern zombie is moderately damaged.
The wyvern zombie closely misses you.
An endoplasm comes into view.
The wyvern zombie bites you!
The endoplasm quivers.
You hit the wyvern zombie. You burn the wyvern zombie.
The wyvern zombie is moderately damaged.
The wyvern zombie bites you but does no damage.
You barely miss the wyvern zombie.
The wyvern zombie is moderately damaged.
The wyvern zombie bites you! The wyvern zombie bites you.
You see here a +0 short sword.
The wyvern zombie bites you!
* * * LOW HITPOINT WARNING * * *
A protective cloak of flame settles atop you.
The wyvern zombie bites you but does no damage.
The wyvern zombie is burned by your cloak of flames.
The wyvern zombie is moderately damaged.
Casting: Scorch (safe; 4% risk of failure)
Confirm with . or Enter, or press ? or * to list all spells.
Flames lash the endoplasm.
You kill the endoplasm!
You block the wyvern zombie's attack. x2
Casting: Scorch (safe; 4% risk of failure)
Confirm with . or Enter, or press ? or * to list all spells.
Flames lash the wyvern zombie.
The wyvern zombie is heavily damaged.
The wyvern zombie's fire resistance burns away.
The wyvern zombie bites you!
You die...

#. #.. .. #.#
#.# .#
####.##.# .#
#.......#.#
#.####...#
#.....).##
#..#....#
#...Z...#
#..@#...#
#.......# .#
##.#.##.###. .#
#..........
.#..
#.#......#.....
#.#.##.#.##.#.
#.#..........
#########
#.#.#..#..#.#
.. ####.......#
#......#..#.#∆
#.


You could see a wyvern zombie (combustible).

Vanquished Creatures
  An iguana (D:2)
  An orc wizard (D:3)
  A hound skeleton (D:4)
  An adder (D:2)
  3 gnolls (D:4)
  A dart slug (D:1)
  7 orcs
  7 endoplasms
  A giant cockroach (D:2)
  5 goblins
  6 hobgoblins
  4 kobolds
  2 quokkas
  5 ball pythons
  8 bats
  A frilled lizard (D:1)
  6 rats
60 creatures vanquished.

Vanquished Creatures (others)
  10 foxfires (D:2)
10 creatures vanquished.

Grand Total: 70 creatures vanquished

Notes
Turn   | Place    | Note
-------+----------+-------------------------------------------
     0 | D:1      | kipponium the Gnoll Cinder Acolyte began the quest for the
                  | Orb.
     0 | D:1      | Reached XP level 1. HP: 23/23 MP: 4/4
   366 | D:1      | Reached XP level 2. HP: 26/29 MP: 5/5
   963 | D:2      | Reached XP level 3. HP: 35/35 MP: 7/7
  1053 | D:2      | Reached skill level 1 in Short Blades
  1053 | D:2      | Reached skill level 1 in Long Blades
  1053 | D:2      | Reached skill level 1 in Axes
  1053 | D:2      | Reached skill level 1 in Polearms
  1053 | D:2      | Reached skill level 1 in Staves
  1053 | D:2      | Reached skill level 1 in Slings
  1053 | D:2      | Reached skill level 1 in Bows
  1053 | D:2      | Reached skill level 1 in Crossbows
  1053 | D:2      | Reached skill level 1 in Throwing
  1053 | D:2      | Reached skill level 1 in Armour
  1053 | D:2      | Reached skill level 1 in Dodging
  1053 | D:2      | Reached skill level 1 in Stealth
  1053 | D:2      | Reached skill level 1 in Shields
  1053 | D:2      | Reached skill level 1 in Unarmed Combat
  1053 | D:2      | Reached skill level 1 in Invocations
  1053 | D:2      | Reached skill level 1 in Evocations
  1057 | D:2      | Learned a level 2 spell: Scorch
  1411 | D:2      | Reached XP level 4. HP: 34/41 MP: 8/8
  1679 | D:2      | Found a faded altar of an unknown god.
  2263 | D:3      | Reached skill level 1 in Conjurations
  2263 | D:3      | Reached skill level 1 in Hexes
  2263 | D:3      | Reached skill level 1 in Summonings
  2263 | D:3      | Reached skill level 1 in Necromancy
  2263 | D:3      | Reached skill level 1 in Translocations
  2263 | D:3      | Reached skill level 1 in Transmutations
  2263 | D:3      | Reached skill level 1 in Ice Magic
  2263 | D:3      | Reached skill level 1 in Air Magic
  2263 | D:3      | Reached skill level 1 in Earth Magic
  2263 | D:3      | Reached skill level 1 in Poison Magic
  2317 | D:3      | Reached XP level 5. HP: 26/47 MP: 9/9
  2494 | D:4      | Found a staircase to the Ecumenical Temple.
  2990 | D:4      | Slain by a wyvern zombie

Illustrated notes

Levels and vault maps discovered:
D:1:      dpeg_arrival_rhombi, layout_basic, kennysheep_another_room
D:2:      kennysheep_big_flooded_room, layout_loops_ring,
          hellmonk_ecumenical_altar_leap_of_faith, kennysheep_minor_cross
D:3:      cheibrodos_helix_gallery, layout_rooms
D:4:      layout_loops_cross, minmay_temple_entry_statues

Skill      XL: |  1  2  3  4 |
---------------+-------------+-----
Short Blades   | 1 |  1.5
Long Blades    | 1 |  1.5
Axes           | 1 |  1.5
Polearms       | 1 |  1.5
Staves         | 1 |  1.5
Slings         | 1 |  1.5
Bows           | 1 |  1.5
Crossbows      | 1 |  1.5
Throwing       | 1 |  1.5
Armour         | 1 |  1.5
Dodging        | 1 |  1.5
Stealth        | 1 |  1.5
Shields        | 1 |  1.5
Unarmed Combat | 1 |  1.5
Invocations    | 1 |  1.7
Evocations     | 1 |  1.5
Spellcasting   | 3 |  3.2
Conjurations   | 1 |  1.2
Hexes          | 1 |  1.2
Summonings     | 1 |  1.2
Necromancy     | 1 |  1.2
Translocations | 1 |  1.2
Transmutations | 1 |  1.2
Ice Magic      | 1 |  1.2
Air Magic      | 1 |  1.2
Earth Magic    | 1 |  1.2
Poison Magic   | 1 |  1.2
Fighting       | |  6.7
Maces & Flails | |  6.7
Fire Magic     | |  5.5

Action                   |  1- 3 |  4- 6 || total
-------------------------+-------+-------++-------
Melee: Mace              |    74 |    87 ||   161
       Bite              |     6 |     6 ||    12
 Cast: Scorch            |       |    11 ||    11
Invok: Foxfire Swarm     |     1 |       ||     1
       Fiery Armour      |       |     2 ||     2
 Stab: Sleeping          |       |     2 ||     2
Armor: Robe              |    20 |    12 ||    32
Dodge: Dodged            |    54 |    47 ||   101
Block: Buckler           |       |     8 ||     8

Table legend: (Time is in decaauts)
 A = Elapsed time spent in this place.
 B = Non-inter-level travel time spent in this place.
 C = Inter-level travel time spent in this place.
 D = Time resting spent in this place.
 E = Time spent auto-exploring this place.
 F = Levels seen in this place.
 G = Mean time per level.
                   A        B        C        D        E       F      G
               +--------+--------+--------+--------+--------+-----+--------+
         Total |   3006 |   2959 |     47 |    663 |   1870 |   4 |  751.5 |
       Dungeon |   3006 |   2959 |     47 |    663 |   1870 |   4 |  751.5 |
               +--------+--------+--------+--------+--------+-----+--------+

Top non-repeatable levels by time:
     D:2: 1034 daAuts
     D:1: 806 daAuts
     D:3: 666 daAuts
     D:4: 499 daAuts
